 Dungeon Crawl Stone Soup version 0.25-a0-10-g2fe12d4386 (webtiles) character file.

Game seed: 14651393746730841617, levelgen mode: deterministic

7 Chiseanne the Chucker (level 2, -5/19 HPs)
             Began as a Halfling Hunter on Oct 15, 2019.
             Slain by a gnoll
             ... wielding a +0 spear
              (11 damage)
             ... on level 1 of the Dungeon.
             The game lasted 00:00:42 (369 turns).

Chiseanne the Chucker (Halfling Hunter)              Turns: 369, Time: 00:00:43

Health: -5/19      AC:  3    Str: 13    XL:     2   Next: 10%
Magic:  2/2        EV: 14    Int:  9    God:
Gold:   5          SH:  6    Dex: 14    Spells: 1/1 levels left

rFire    . . .     SeeInvis .   a - +0 short sword
rCold    . . .     Gourm    .   j - +2 buckler
rNeg     . . .     Faith    .   b - +0 leather armour
rPois    .         Spirit   .   (no helmet)
rElec    .         Reflect  .   (no cloak)
rCorr    .         Harm     .   (no gloves)
MR       .....                  (no boots)
Stlth    +.........             (no amulet)
HPRegen  0.06/turn              (no ring)
MPRegen  0.08/turn              (no ring)

@: no status effects
A: small, mutation resistance 1
a: no special abilities


You were on level 1 of the Dungeon.
You were not hungry.

You visited 1 branch of the dungeon, and saw 1 of its levels.

You collected 5 gold pieces.

Inventory:

Hand Weapons
 a - a +0 short sword (weapon)
 m - a +0 club
Missiles
 c - 10 boomerangs (quivered)
 d - 2 throwing nets
 g - 21 poisoned darts
 n - 22 stones
Armour
 b - a +0 leather armour (worn)
 j - a +2 buckler (worn)
Jewellery
 i - a cursed ring of attention {unknown}
Scrolls
 e - a scroll of identify {unknown}
Potions
 k - a potion of lignification {unknown}
 l - a potion of agility {unknown}
Comestibles
 f - a ration
 h - a chunk of flesh


   Skills:
 * Level 2.0 Fighting
 * Level 4.1 Throwing
 * Level 2.4 Dodging
 - Level 1.1 Stealth
 * Level 0.3 Shields


You had one spell level left.
You didn't know any spells.
Your spell library was empty.

Dungeon Overview and Level Annotations

Branches:
Dungeon (1/15)

Altars:


Innate Abilities, Weirdness & Mutations

You are small and have problems with some larger weapons.
You are somewhat resistant to further mutation.


Message History

The gnoll is moderately wounded.
Throwing (i - inventory. (/) - cycle)
c - 10 boomerangs (quivered)
Press: ? - help, Shift-Dir - straight line, f/p - gnoll
Aim: a gnoll, wielding a +0 spear (moderately wounded)
You throw a boomerang. The boomerang barely misses the gnoll.
The boomerang barely misses the goblin.
The gnoll hits you from afar with a +0 spear.
You block the gnoll's attack.
You completely miss the gnoll.
The gnoll is moderately wounded.
The gnoll closely misses you.
A rat comes into view.
You closely miss the gnoll.
The gnoll is moderately wounded.
The gnoll hits you with a +0 spear!
You closely miss the gnoll.
The gnoll is moderately wounded.
The gnoll hits you with a +0 spear!
Ouch! That really hurt!
You die...

## ....# .....######
.....#.[..# ....#....#
##### ..)#....# #....
..#######.#....#####....
....rgg@.......'...'....
.....####......#####....
... ##.....# #.... .
#..#########'##
#.........##.#
#.........##.#
#.........##+##
#..............
#..............


You could see a gnoll, a goblin and a rat.

Vanquished Creatures
  A giant cockroach (D:1)
  3 bats (D:1)
  A frilled lizard (D:1)
  A goblin (D:1)
  2 kobolds (D:1)
8 creatures vanquished.

Notes
Turn   | Place    | Note
-------+----------+-------------------------------------------
     0 | D:1      | Chiseanne the Halfling Hunter began the quest for the Orb.
     0 | D:1      | Reached XP level 1. HP: 14/14 MP: 1/1
   329 | D:1      | Reached XP level 2. HP: 18/19 MP: 2/2
   369 | D:1      | Slain by a gnoll

Levels and vault maps discovered:
D:1:      lightli_arrival_flooded_house, layout_basic

Skill      XL: |  1 |
---------------+----+-----
Fighting       | 2 |  2.0
Throwing       | |  4.1
Dodging        | |  2.4
Stealth        | |  1.1
Shields        | |  0.3

Action                   || total
-------------------------++-------
Melee: Short sword       ||    39
Throw: Boomerang         ||     4
 Stab: Sleeping          ||     1
Armor: Leather armour    ||     8
Dodge: Dodged            ||    36
Block: Buckler           ||     8

Table legend:
 A = Non-vault XP
 B = Vault XP
 C = Vault XP percentage of total XP
 D = Non-vault monster count
 E = Vault monster count
 F = Vault count percentage of total count
                 A         B        C        D         E       F
            +---------+---------+-------+---------+---------+-------
      Total |      11 |       0 |   0.0 |       8 |       0 |   0.0
            +---------+---------+-------+---------+---------+-------
        D:1 |      11 |       0 |   0.0 |       8 |       0 |   0.0
            +---------+---------+-------+---------+---------+-------
